AoeStats
← Covid19

Arabia

504718845Analyzed
1v1 RM · 26d ago on Sep 6, 2026· 37m 28s· 2 players
Game mode
Random Map
Map size
Tiny (2 player)
Population
200
Speed
Normal
Resources
Standard
Victory
Conquest
Starting age
Dark Age
Ending age
Imperial Age
RankedLock teamsTeams togetherTeam positionsShared explorationLock speedFull tech treeHidden civsTurbo modeCheats
Victory
Defeat
🇦🇹 Franks · Austria
1147
+18
🇩🇪 Magyars · Germany
1195
-18
Chill It's A Game
6:56 Loom
10:00 Feudal Age
21:50 Castle Age
20:09 Scale Barding Armor
20:14 Forging
20:30 Gold Mining
21:25 Wheelbarrow
22:51 Double-Bit Axe
23:09 Husbandry
23:36 Chain Barding Armor
24:49 Iron Casting
27:37 Stone Mining
34:03 Bow Saw
34:31 Gold Shaft Mining
37:46 Imperial Age
Covid19
7:35 Loom
9:43 Feudal Age
11:10 Double-Bit Axe
11:08 Horse Collar
12:22 Town Watch
22:49 Castle Age
22:21 Bloodlines
23:12 Gold Mining
23:40 Bow Saw
24:05 Scale Barding Armor
34:23 Stone Mining
35:01 Heavy Plow
Connection lost

Rejoining the realm…

Still unreachable

The connection could not be restored.

Session expired

The server has moved on; the page needs a fresh start.